 Dungeon Crawl Stone Soup version 0.16.1-11-g651b585 (webtiles) character file.

34 maniek23 the Insei (level 3, -5/17 HPs)
             Began as a Vine Stalker Transmuter on Apr 3, 2015.
             Killed by nerve-wracking pain
             ... invoked by Jessica
              (10 damage)
             ... on level 2 of the Dungeon.
             The game lasted 00:02:13 (761 turns).

maniek23 the Insei (Vine Stalker Transmuter)         Turns: 761, Time: 00:02:13

Health: -5/17      AC:  2    Str: 12    XL:     3   Next: 31%
Magic:  0/7        EV: 12    Int: 14    God:
Gold:   65         SH:  0    Dex: 14    Spells: 2 memorised, 4 levels left

rFire  . . .     SeeInvis .       - Unarmed
rCold  . . .     Clarity  .     c - +0 robe
rNeg   . . .     SustAb   .     (no shield)
rPois  .         Gourm    .     (no helmet)
rElec  .         Spirit   +     (no cloak)
rCorr  .         Warding  .     (no gloves)
rMut   .         Stasis   .     (no boots)
MR     .....                    (no amulet)
Stlth  +.........               (no ring)
                                (no ring)

@: not resistant to hostile enchantments, very unstealthy
A: fangs 2, regeneration 1, magic shield, antimagic bite, no device heal 3, rot
immunity
a: no special abilities


You were on level 2 of the Dungeon.
You were not hungry.

You visited 1 branch of the dungeon, and saw 2 of its levels.

You collected 65 gold pieces.

Inventory:

Missiles
 b - 12 arrows
Armour
 c - a +0 robe (worn)
 k - a +0 buckler
Scrolls
 e - a scroll of fear {unknown}
 g - a scroll of recharging {unknown}
 n - a scroll of random uselessness {unknown}
 o - 2 scrolls of identify {unknown}
Potions
 f - 2 potions of heal wounds {unknown}
 j - a potion of restore abilities {unknown}
 l - 2 potions of curing {unknown}
Books
 d - a book of Changes

   Spells                             Type                      Level
   a - Beastly Appendage              Transmutation                1
   b - Sticks to Snakes               Transmutation                2
   c - Spider Form                    Transmutation/Poison         3
   d - Ice Form                       Ice/Transmutation            4
   e - Blade Hands                    Transmutation                5
Comestibles
 a - 3 bread rations
 h - a chunk of flesh
 i - 6 fruits
 m - a beef jerky


   Skills:
 + Level 0.8 Fighting
 + Level 1.7 Dodging
 * Level 3.7 Unarmed Combat
 * Level 2.5 Spellcasting
 * Level 2.3 Transmutations


You had 4 spell levels left.
You knew the following spells:

 Your Spells              Type           Power        Failure   Level  Hunger
a - Beastly Appendage     Trmt           #.....       12%         1    #......
b - Sticks to Snakes      Trmt           #.........   17%         2    ###....


Dungeon Overview and Level Annotations

Branches:
Dungeon (2/15)

Altars:

Annotations:
D:2 Jessica


Innate Abilities, Weirdness & Mutations

You have extremely sharp teeth.
Your natural rate of healing is unusually fast.
When hurt, damage is shared between your health and your magic reserves.
Your bite disrupts and absorbs the magic of your enemies.
Potions and wands cannot restore your health.
You are immune to rotting.


Message History

The hobgoblin hits you with a club.
Jessica drinks a potion.
Jessica seems to grow stronger.
You hit the hobgoblin but do no damage. Your bite misses the hobgoblin.
The hobgoblin is heavily wounded.
Your transformation is almost over.
The hobgoblin hits you but does no damage.
You hit Jessica but do no damage. Your headbutt misses Jessica.
Your bite misses Jessica. Jessica hits you with a club.
The hobgoblin hits you with a club. Jessica casts a spell at you.
Pain shoots through your body!
* * * LOW HITPOINT WARNING * * *
Jessica casts a spell.
Jessica seems to speed up.
Jessica says, "I'm really upset."
Your horns disappear.
Jessica casts a spell at you. Pain shoots through your body!
Ouch! That really hurt!
You die...

#.# . #.# #### #.#
#.# #..# #.# #.#
...# #.# #@# ...#
#.# ##.# ..## #.#
#g.# ..## #.# #.##
...#############@#
##...............#
#...............#
#...............#
##.###############
.+.# #.# ##.# #.#
#### #.# # #.#


You could see Jessica and a hobgoblin.

Vanquished Creatures
  2 giant geckos (D:1)
  An ooze (D:1)
  2 bats (D:1)
  3 goblins (D:1)
  3 hobgoblins
  A ball python (D:1)
  11 giant newts
  3 kobolds (D:1)
  8 rats
34 creatures vanquished.

Notes
Turn   | Place    | Note
--------------------------------------------------------------
     0 | D:1      | maniek23, the Vine Stalker Transmuter, began the quest for the Orb.
     0 | D:1      | Reached XP level 1. HP: 9/9 MP: 3/3
   148 | D:1      | Reached XP level 2. HP: 9/14 MP: 1/5
   153 | D:1      | Learned a level 2 spell: Sticks to Snakes
   413 | D:1      | Reached XP level 3. HP: 14/17 MP: 4/7
   735 | D:2      | Noticed Jessica
   761 | D:2      | Killed from afar by Jessica

Action                   || total
-------------------------++-------
Melee: Unarmed           ||    95
 Cast: Beastly Appendage ||     6
